 Dungeon Crawl Stone Soup version 0.23.0-3-gf3c87f2 (webtiles) character file.

Game seed: 8223408767574515108

234 xccam the Ruffian (level 5, -1/40 HPs)
             Began as a Draconian Transmuter on Feb 22, 2019.
             Slain by Ijyb
             ... wielding a +1 dagger of electrocution
              (19 damage)
             ... while paralysed by Ijyb
             ... on level 3 of the Dungeon.
             The game lasted 00:04:27 (2370 turns).

xccam the Ruffian (Draconian Transmuter)            Turns: 2370, Time: 00:04:28

Health: -1/40      AC:  6    Str: 13    XL:     5   Next: 75%
Magic:  6/8        EV:  2    Int: 13    God:
Gold:   91         SH:  0    Dex: 12    Spells: 5/8 levels left

rFire    . . .     SeeInvis .     - Unarmed
rCold    . . .     Gourm    .   (no shield)
rNeg     . . .     Faith    .   (armour unavailable)
rPois    .         Spirit   .   (helmet restricted)
rElec    .         Reflect  .   g - +0 cloak
rCorr    .         Harm     .   (no gloves)
MR       .....                  (boots currently unavailable)
Stlth    +.........             (no amulet)
HPRegen  0.13/turn              (no ring)
MPRegen  0.11/turn              (no ring)

@: paralysed, appendage (expiring)
A: unfitting armour, talons 3, cold-blooded, AC +5
a: End Transformation


You were on level 3 of the Dungeon.
You were not hungry.
You had grown temporary talons.
You visited 1 branch of the dungeon, and saw 3 of its levels.

You collected 91 gold pieces.

Inventory:

Missiles
 a - 29 arrows
Armour
 g - a +0 cloak (worn)
Jewellery
 p - an uncursed ring of fire
Scrolls
 b - 2 scrolls of remove curse {unknown}
 d - a scroll of fog {unknown}
 h - a scroll of blinking {unknown}
 i - a scroll of teleportation {unknown}
 j - a scroll of identify {unknown}
 k - a scroll of amnesia {unknown}
 o - a scroll of enchant weapon {unknown}
Potions
 e - 2 potions of curing {unknown}
 f - a potion of flight {unknown}
 m - a potion of degeneration {unknown}
 n - a potion of resistance {unknown}
Comestibles
 c - 5 rations
 l - 6 chunks of flesh


   Skills:
 - Level 1.1 Fighting
 - Level 1.7 Dodging
 + Level 5.4 Unarmed Combat
 - Level 2.0 Spellcasting
 + Level 4.0 Transmutations


You had 5 spell levels left.
You knew the following spells:

 Your Spells              Type           Power        Failure   Level  Hunger
a - Beastly Appendage     Tmut           ##....       4%          1    ##.....
b - Sticks to Snakes      Tmut           ##......     8%          2    ###....

Your spell library contained the following spells:

 Spells                   Type           Power        Failure   Level  Hunger
 Spider Form              Tmut/Pois      #.........   32%         3    ####...
 Ice Form                 Ice/Tmut       #.......     73%         4    #####..
 Blade Hands              Tmut           ##........   80%         5    ######.


Dungeon Overview and Level Annotations

Branches:
Dungeon (3/15)

Altars:
Ru

Annotations:
D:3 Ijyb


Innate Abilities, Weirdness & Mutations

Your plain brown scales are hard. (AC +5)
You cannot fit into any form of body armour.
You are cold-blooded and may be slowed by cold attacks.
You have claws for feet.


Message History

You hit Ijyb.
Ijyb is heavily wounded.
Ijyb barely misses you.
Your ball python bites Ijyb but does no damage.
Your ball python constricts Ijyb.
Unknown command.
You hit Ijyb. You claw Ijyb.
Ijyb is heavily wounded.
Ijyb zaps a wand.
You suddenly lose the ability to move!
Your ball python bites Ijyb but does no damage.
Your ball python constricts Ijyb.
An orc comes into view. It is wielding a +0 club.
Ijyb zaps a wand.
Your ball python suddenly stops moving!
Your ball python loses its grip on Ijyb.
Ijyb hits your ball python with a +1 dagger of electrocution. x2
Your ball python dies!
Ijyb screams, "It's all mine!"
Ijyb hits you but does no damage.
You are electrocuted!!
You die...

..# #.# ##.##
##...## .....
.# .o. .. #g#
#. #@# #.#.
#.# #.#. #)#
#.#. #.#
$.###.#.##.#
#......#.รท.#
#.#.#### #.#
#.#.# ...
#...#


You could see Ijyb and an orc.

Vanquished Creatures
  An orc wizard (D:3)
  Jessica (D:2)
  Natasha (twice) (D:2)
  3 adders (D:2)
  2 worms (D:2)
  2 leopard geckos
  5 orcs (D:3)
  11 hobgoblins
  8 jackals (D:1)
  A quokka (D:2)
  2 ball pythons
  3 bats
  A frilled lizard (D:1)
  8 goblins
  5 kobolds
  10 rats
65 creatures vanquished.

Vanquished Creatures (collateral kills)
  Natasha (D:2)
  A worm (D:2)
  An orc (D:3)
3 creatures vanquished.

Grand Total: 68 creatures vanquished

Notes
Turn   | Place    | Note
-------+----------+-------------------------------------------
     0 | D:1      | xccam the Draconian Transmuter began the quest for the Orb.
     0 | D:1      | Reached XP level 1. HP: 16/16 MP: 3/3
    74 | D:1      | Reached XP level 2. HP: 16/23 MP: 3/5
   352 | D:1      | Reached skill level 4 in Unarmed Combat
   585 | D:1      | Learned a level 2 spell: Sticks to Snakes
   687 | D:1      | Reached XP level 3. HP: 23/28 MP: 6/6
  1389 | D:2      | Found a sacrificial altar of Ru.
  1478 | D:2      | Reached XP level 4. HP: 26/35 MP: 5/7
  1601 | D:2      | Noticed Natasha
  1611 | D:2      | Killed Natasha
  1725 | D:2      | Noticed Natasha
  1736 | D:2      | Killed Natasha
  1742 | D:2      | Noticed Natasha
  1749 | D:2      | Killed Natasha
  1749 | D:2      | Reached skill level 5 in Unarmed Combat
  1749 | D:2      | Reached XP level 5. HP: 24/40 MP: 3/8
  1963 | D:2      | Noticed Jessica
  1975 | D:2      | Killed Jessica
  2352 | D:3      | Noticed Ijyb
  2356 | D:3      | Paralysed by Ijyb for 3 turns
  2366 | D:3      | Paralysed by Ijyb for 4 turns
  2370 | D:3      | Slain by Ijyb

Skill      XL: |  1  2  3  4  5 |
---------------+----------------+-----
Unarmed Combat | 4 5 |  5.4
Transmutations | 3 4 |  4.0
Fighting       | |  1.1
Dodging        | |  1.7
Spellcasting   | |  2.0

Action                   |  1- 3 |  4- 6 || total
-------------------------+-------+-------++-------
Melee: Unarmed           |   144 |   105 ||   249
       Headbutt          |     4 |     3 ||     7
       Tailslap          |     7 |     9 ||    16
       Kick              |     2 |     7 ||     9
       Punch             |     2 |     3 ||     5
 Cast: Beastly Appendage |     7 |     5 ||    12
       Sticks to Snakes  |       |     7 ||     7
  Use: Potion            |     1 |       ||     1
 Stab: Sleeping          |     2 |       ||     2
  Eat: Chunk             |     2 |     4 ||     6
Armor: Skin              |    35 |    30 ||    65
Dodge: Dodged            |    79 |    53 ||   132
